 Dungeon Crawl Stone Soup version 0.29-a0-824-gd827844252 (webtiles) character file.

Game seed: 14569850794640081615

54 tilp the Grave Robber (level 3, -6/27 HPs)
             Began as a Mummy Necromancer on July 9, 2022.
             Killed from afar by an orc wizard (9 damage)
             ... with a puff of flame
             ... on level 3 of the Dungeon.
             The game lasted 00:03:29 (2257 turns).

tilp the Grave Robber (Mummy Necromancer)           Turns: 2257, Time: 00:03:30

Health: -6/27      AC:  2    Str: 11    XL:     3   Next: 66%
Magic:  7/7        EV: 12    Int: 16    God:
Gold:   182        SH:  0    Dex: 12    Spells: 7/8 levels left

rFire   . . .      SeeInvis .   a - +1 whip
rCold   + . .      Faith    .   (no shield)
rNeg    + + +      Spirit   .   c - +0 robe
rPois   ∞          Reflect  .   (no helmet)
rElec   .          Harm     .   (no cloak)
rCorr   +          Rampage  .   (no gloves)
Will    .....                   (no boots)
Stlth   ++........              (no amulet)
HPRegen 0.09/turn               i - ring of resist corrosion
MPRegen 0.10/turn               j - ring of protection from fire

@: no status effects
A: cold resistance 1, negative energy resistance 3, torment resistance 2, heat
vulnerability 1, in touch with death 1, no potions
a: no special abilities


You were on level 3 of the Dungeon.
You visited 1 branch of the dungeon, and saw 3 of its levels.

You collected 182 gold pieces.

Inventory:

Hand Weapons
 a - a +1 whip (weapon)
 b - a +0 flail
 d - a +0 trident
Missiles
 e - 4 atropa-tipped darts
 h - 8 poisoned darts (quivered)
Armour
 c - a +0 robe (worn)
Jewellery
 i - a ring of resist corrosion (left hand)
 j - a ring of protection from fire (right hand)
Scrolls
 g - a scroll of fear
 k - a scroll of enchant weapon


   Skills:
 * Level 1.6 Fighting
 + Level 1.9 Dodging
 - Level 2.0 Stealth
 - Level 3.0 Spellcasting
 * Level 4.5 Necromancy


You had 7 spell levels left.
You knew the following spells:

 Your Spells              Type           Power      Damage    Failure   Level
a - Necrotise             Necr           100%       1d9       3%          1

Your spell library contained the following spells:

 Spells                   Type           Power      Damage    Failure   Level
 Vampiric Draining        Necr           25%        2d7       9%          3
 Animate Dead             Necr           25%        N/A       28%         4
 Agony                    Necr           25%        N/A       63%         5


Dungeon Overview and Level Annotations

Branches:
Dungeon (3/15)

Altars:


Innate Abilities, Weirdness & Mutations

You are immune to poison.
Your flesh is cold resistant. (rC+)
You are immune to negative energy. (rN+++)
You are immune to unholy pain and torment.
You are vulnerable to heat. (rF-)
You are in touch with the powers of death.
You do not drink.


Message History

Casting: Necrotise (safe; 3% risk of failure)
Confirm with . or Enter, or press ? or * to list all spells.
Aiming: Necrotise (safe; 3% risk of failure)
Press: ? - help, Shift-Dir - straight line, f - orc
Aim: an orc, wielding a +0 hand axe and wearing a +0 leather armour (chance to affect: 93%)
You feel a surge of power!
The orc writhes in agony!
You kill the orc!
The dead are walking!
You swap places.
An orc wizard appears from thin air!
Reactivating autopickup.
The orc wizard casts a spell at you.
Your orc skeleton appears confused.
The orc wizard mumbles some strange words.
The orc wizard flickers and vanishes!
Deactivating autopickup; reactivate with Ctrl-A.
Something hits your orc skeleton.
A puff of flame appears from out of thin air!
The puff of flame hits your orc skeleton!
Your orc skeleton is destroyed!
A puff of flame appears from out of thin air!
The puff of flame hits you!
You are confused.
You bump into the rock wall.
You're too confused to move!
You bump into the rock wall.
You miss something.
You feel less confused.
You hear some strange, mumbled words.
A magic dart appears from out of thin air!
The magic dart hits you.
* * * LOW HITPOINT WARNING * * *
You hear some strange, mumbled words.
Something tries to affect you, but you resist.
Found 7 gold pieces.
A magic dart appears from out of thin air!
The magic dart hits you.
* * * LOW HITPOINT WARNING * * *
A puff of flame appears from out of thin air!
The puff of flame hits you!
You die...

#.........# #..#
##.#.#.###.# #..#
##..#.##.##.# ..#
#!#........$. ...
##..#{##..### #.#
##.#.#..## #.#
#....#.# ..#.#
#.#.##.# #. #.#
#.#@##..###. #.#
#.#.##.#... ###.#
#.#.##.##.# #...#
#.#.##.##.###<#.###
#.#.......#...#...#
#......)....#####.#
######.####...#...##
#.# ###.#..... #.#
####....###


There were no monsters in sight!

Vanquished Creatures
  2 dart slugs (D:1)
  2 orcs (D:3)
  5 endoplasms
  A giant cockroach (D:2)
  6 goblins
  4 hobgoblins
  6 kobolds
  4 ball pythons
  5 bats
  4 rats
39 creatures vanquished.

Vanquished Creatures (collateral kills)
  An endoplasm (D:1)
  2 goblins (D:1)
  A frilled lizard (D:1)
4 creatures vanquished.

Grand Total: 43 creatures vanquished

Notes
Turn   | Place    | Note
-------+----------+-------------------------------------------
     0 | D:1      | tilp the Mummy Necromancer began the quest for the Orb.
     0 | D:1      | Reached XP level 1. HP: 13/13 MP: 4/4
    57 | D:1      | Noticed a shining eye
   197 | D:1      | Reached XP level 2. HP: 20/20 MP: 0/5
   427 | D:1      | Reached skill level 1 in Fighting
   640 | D:1      | Noticed a shining eye
   644 | D:1      | Noticed a great orb of eyes
   647 | D:1      | Found a faded altar of an unknown god.
   649 | D:1      | Noticed a golden eye
   863 | D:1      | Gained mutation: You are in touch with the powers of death.
                  | [Mummy growth]
   863 | D:1      | Reached XP level 3. HP: 26/26 MP: 3/7
  2257 | D:3      | Killed from afar by an orc wizard

Illustrated notes

Levels and vault maps discovered:
D:1:      tarquinn_simple_flora_water_e, layout_basic,
          hellmonk_ecumenical_altar_watching_god
D:2:      layout_loops_corners, guppyfry_early_lair_pool
D:3:      layout_loops_ring

Skill      XL: |  1  2  3 |
---------------+----------+-----
Fighting       | 1 |  1.6
Spellcasting   | 3 |  3.0
Stealth        | 2 |  2.0
Dodging        | |  1.9
Necromancy     | |  4.5

Action                   || total
-------------------------++-------
Melee: Whip              ||    49
       Flail             ||     6
       Punch             ||     2
 Cast: Necrotise         ||    42
  Use: Scroll            ||     2
 Stab: Sleeping          ||     3
Armor: Robe              ||    10
Dodge: Dodged            ||    43

Table legend: (Time is in decaauts)
 A = Elapsed time spent in this place.
 B = Non-inter-level travel time spent in this place.
 C = Inter-level travel time spent in this place.
 D = Time resting spent in this place.
 E = Time spent auto-exploring this place.
 F = Levels seen in this place.
 G = Mean time per level.
                   A        B        C        D        E       F      G
               +--------+--------+--------+--------+--------+-----+--------+
         Total |   2261 |   2205 |     56 |     39 |   1808 |   3 |  753.7 |
       Dungeon |   2261 |   2205 |     56 |     39 |   1808 |   3 |  753.7 |
               +--------+--------+--------+--------+--------+-----+--------+

Top non-repeatable levels by time:
     D:2: 1030 daAuts
     D:1: 964 daAuts
     D:3: 267 daAuts
